 Dungeon Crawl Stone Soup version 0.30-a0-534-gdc55766716 (webtiles) character file.

Game seed: 1086642549446567974

58898 drugrobin the Brawler (level 14, -28/113 HPs)
             Began as a Demigod Delver on Dec 25, 2022.
             Annihilated by a catoblepas (31 damage)
             ... on level 1 of the Lair of Beasts.
             The game lasted 01:16:14 (28779 turns).

drugrobin the Brawler (Demigod Delver)             Turns: 28779, Time: 01:16:14

Health: -28/113    AC: 15    Str: 21    XL:     14   Next: 16%
Magic:  24/24      EV: 15    Int: 16    God:
Gold:   1441       SH:  0    Dex: 19    Spells: 8/21 levels left

rFire   . . .      SeeInvis +      - Unarmed
rCold   . . .      Faith    .    (no shield)
rNeg    . . .      Spirit   .    s - +4 ring mail
rPois   .          Reflect  .    X - +2 hood of the Assassin {Detection Stab+ Stlth++}
rElec   .          Harm     .    y - +0 cloak
rCorr   .          Rampage  .    U - +1 pair of gloves
Will    +....                    M - +0 pair of boots
Stlth   ++++                     B - amulet of magic regeneration
HPRegen 0.38/turn                i - +4 ring of evasion
MPRegen 0.59/turn                D - ring of see invisible

@: hasted, very quick
A: high MP 1, forlorn, divine attributes
a: no special abilities


You were on level 1 of the Lair of Beasts.
You visited 2 branches of the dungeon, and saw 16 of its levels.

You collected 1441 gold pieces.

Inventory:

Hand Weapons
 c - a +0 dagger of venom
 N - the +8 rapier "Ewipar" {vamp, rPois rN+ rCorr Stlth+}
   (You found it on level 5 of the Lair of Beasts)

   It occasionally heals its wielder for a portion of the damage dealt when it
   wounds a living foe.
   rPois:     It protects you from poison.
   rN:        It protects you from negative energy.
   rCorr:     It protects you from acid and corrosion.
   Stlth:     It makes you more stealthy.
Missiles
 A - 28 poisoned darts (quivered)
 J - 4 curare-tipped darts
 P - 4 javelins
Armour
 j - the +1 pair of gloves of Kuvyxa {Str+5}
   (You found it on level 1 of the Lair of Beasts)

   Str:       It affects your strength (+5).
 s - a +4 ring mail (worn)
 y - a +0 cloak (worn)
 F - a +0 leather armour of cold resistance
 M - a +0 pair of boots (worn)
 U - a +1 pair of gloves (worn)
 X - the +2 hood of the Assassin (worn) {Detection Stab+ Stlth++}
   (You found it on level 5 of the Lair of Beasts)

   It allows the wearer to sense nearby creatures.
   It allows the wearer to make particularly effective stabbing attacks against
   helpless or unaware enemies with any weapon.
   Stlth:     It makes you much more stealthy.
Jewellery
 b - a ring of ice
 i - a +4 ring of evasion (left hand)
 t - a ring of resist corrosion
 z - a ring of flight
 B - an amulet of magic regeneration (around neck)
 D - a ring of see invisible (right hand)
 Q - a ring of ice
Wands
 f - a wand of digging (6)
 g - a wand of roots (28)
 r - a wand of polymorph (3)
 O - a wand of charming (15)
 T - a wand of flame (8)
Scrolls
 a - a scroll of fog
 h - 3 scrolls of enchant armour
 l - 5 scrolls of teleportation
 n - 5 scrolls of magic mapping
 o - 2 scrolls of enchant weapon
 p - 3 scrolls of fear
 v - 3 scrolls of amnesia
 E - 2 scrolls of vulnerability
 G - 3 scrolls of poison
 K - 2 scrolls of summoning
 L - 3 scrolls of immolation
 V - a scroll of silence
 W - a scroll of blinking
Potions
 d - a potion of invisibility {unknown}
 e - 5 potions of haste
 k - 2 potions of might {unknown}
 m - 3 potions of flight {unknown}
 u - 2 potions of resistance {unknown}
 w - a potion of magic {unknown}
 x - a potion of lignification {unknown}
 C - a potion of heal wounds {unknown}
 H - 2 potions of brilliance {unknown}
 I - a potion of ambrosia
 R - 2 potions of cancellation {unknown}
 S - 2 potions of berserk rage {unknown}


   Skills:
 + Level 7.3 Fighting
 - Level 1.7 Dodging
 - Level 4.5 Stealth
 * Level 20.6 Unarmed Combat
 - Level 4.0 Spellcasting
 + Level 5.1 Transmutations
 - Level 5.0 Evocations


You had 8 spell levels left.
You knew the following spells:

 Your Spells              Type           Power      Damage    Failure   Level
a - Blink                 Tloc           6%         N/A       38%         2
b - Momentum Strike       Conj/Tloc      6%         3d8       38%         2
c - Blade Hands           Tmut           9%         N/A       67%         5
d - Summon Small Mammal   Summ           12%        N/A       28%         1
e - Confusing Touch       Hex            3%         N/A       63%         3

Your spell library contained the following spells:

 Spells                   Type           Power      Damage    Failure   Level
 Apportation              Tloc           6%         N/A       28%         1
 Necrotise                Necr           12%        1d4       28%         1
 Slow                     Hex            12%        N/A       28%         1
 Lesser Beckoning         Tloc           6%         N/A       63%         3
 Vampiric Draining        Necr           3%         2d6       63%         3
 Vhi's Electric Charge    Tloc/Air       6%         N/A       63%         3
 Anguish                  Hex/Necr       1%         N/A       95%         4
 Manifold Assault         Tloc           3%         N/A       95%         4
 Summon Ice Beast         Ice/Summ       3%         N/A       95%         4
 Alistair's Intoxication  Tmut/Pois      7%         N/A       95%         5
 Irradiate                Conj/Tmut      5%         3d13      95%         5
 Arcjolt                  Conj/Air       1%         1d11      100%        5
 Iskenderun's Battlesphe  Conj           3%         2d6       100%        5
 Summon Mana Viper        Hex/Summ       3%         N/A       100%        5
 Dispersal                Tloc           1%         N/A       100%        6
 Iron Shot                Conj/Erth      1%         9d1       100%        6
 Dragon Form              Tmut           9%         N/A       100%        7
 Enfeeble                 Hex            1%         N/A       100%        7
 Monstrous Menagerie      Summ           1%         N/A       100%        7
 Spellforged Servitor     Conj/Summ      1%         N/A       100%        7
 Disjunction              Tloc           1%         N/A       100%        8
 Maxwell's Capacitive Co  Air            1%         ∞         100%        8


Dungeon Overview and Level Annotations

Branches:
Dungeon (11/15)            Temple (0/1) D:4            Lair (5/5) D:10
  Swamp (0/4) Lair:3       Spider (0/4) Lair:3        Slime (0/5) Lair:4
    Orc (0/2) D:10

Shops:
D:5 [

Annotations:
D:3 1 runed translucent door, exclusion: door, sirJeffrey23's ghost, amateur DsFi
D:7 Maggie
D:9 2 transporters, lotum's ghost, novice TeMo
Lair:1 1 transporter, bande's ghost, journeyman GrFi


Innate Abilities, Weirdness & Mutations

You have an increased reservoir of magic. (+10% MP)
You shall have no god before yourself.
Your divine heritage dramatically boosts your attributes as you level up.


Message History

Unknown command.
Unknown command.
Unknown command.
Unknown command.
Unknown command.
Unknown command.
Unknown command.
Unknown command.
Unknown command.
Unknown command.
Unknown command.
Unknown command.
Unknown command.
You see here the +1 pair of gloves of Kuvyxa {Str+5}.
Unknown command.
Unknown command.
Unknown command.
Unknown command.
Unknown command.
Unknown command.
j - the +1 pair of gloves of Kuvyxa {Str+5} Unknown command.
Unknown command.
Unknown command.
Unknown command.
Unknown command.
You see here a book of Unlife.
The blink frog blinks!
The catoblepas attacks as you move away!
The catoblepas gores you!!
* * * LOW HITPOINT WARNING * * *
Unknown command.
Unknown command.
Unknown command.
Unknown command.
Unknown command.
Unknown command.
The catoblepas attacks as you move away!
The catoblepas gores you!!
You die...

##.########..#.####..###.###.
##...............†............
#.....#P..##.#..#########.....
##...#.......#.## #..###
#...#.......#..#### #...#
#...#^............######..##
#...#.......#####...#.##..#
#.........###.©.###.......#
#...#....##.@.....#.......#
#...#....#.Y#.#...#.......###
#...##+P.#..#.#...#.........#
#........##.W...#.##.........
#.........#:.#...#.#.........
##.#.###..©#=..©#...#.........
#........).#)#hF...##...#####.
##........##.#...#.#©...# #.
#.+......#..#.##F.##.#.#####.


You could see a catoblepas (berserk) and a blink frog.

Vanquished Creatures
  Gastronok (D:11)
  The ghost of drugrobin the Black Belt, a journeyman DgDe (Lair:4)
  The ghost of Darkkill the Fighter, a journeyman MiHu (Lair:3)
  3 hydras (Lair:5)
  2 catoblepae
  A boulder beetle (Lair:5)
  3 two-headed ogres
  A tengu warrior (D:8)
  10 death yaks
  A deep troll shaman (Lair:5)
  Sonja (Lair:5)
  Pikel (D:7)
  A wolf spider (Lair:1)
  A deep elf pyromancer (D:8)
  An ugly thing (D:7)
  4 cyclopes
  A manticore (D:11)
  14 elephants
  Joseph (D:8)
  A moth of wrath (Lair:1)
  6 black mambas
  A gargoyle (D:11)
  An unseen horror (D:8)
  A torpor snail (Lair:5)
  14 cane toads
  A kobold demonologist (D:10)
  12 komodo dragons
  A hornet (D:7)
  3 polar bears
  11 dream sheep
  2 tyrant leeches (Lair:3)
  2 slime creatures
  8 blink frogs
  A jumping spider (Lair:3)
  Sigmund (D:3)
  A wyvern (Lair:3)
  2 vampires
  69 yaks
  2 wraiths
  4 basilisks
  A redback (Lair:3)
  3 steam dragons
  2 vampire mosquitoes (D:10)
  Menkaure (D:4)
  A swamp worm (Lair:3)
  12 water moccasins
  An acid dragon (D:8)
  Duvessa (D:4)
  5 black bears
  A sky beast (D:6)
  2 ogres
  12 wolves
  7 centaurs
  A lemure (D:7)
  4 kobold brigands
  9 bullfrogs
  A scorpion (D:4)
  2 necrophages (D:5)
  4 gnoll sergeants
  9 wights
  Dowan (D:4)
  5 howler monkeys
  A jelly (D:5)
  11 hounds
  2 gnoll boudas
  2 orc priests
  6 orc wizards
  6 iguanas
  11 hell rats
  49 gnolls
  17 adders
  A shadow imp (D:6)
  2 white imps (D:8)
  2 worms
  5 dart slugs
  20 orcs
  11 endoplasms
  4 giant cockroaches
  17 goblins
  11 hobgoblins
  7 jackals (D:7)
  3 quokkas
  8 ball pythons
  4 bats (D:1)
  4 frilled lizards
  14 kobolds
  5 rats
501 creatures vanquished.

Vanquished Creatures (others)
  An acid dragon (D:8)
  39 fungi
  93 plants
  2 withered plants (Lair:3)
135 creatures vanquished.

Grand Total: 636 creatures vanquished

Notes
Turn   | Place    | Note
-------+----------+-------------------------------------------
     0 | D:5      | drugrobin the Demigod Delver began the quest for the Orb.
     0 | D:5      | Reached XP level 1. HP: 18/18 MP: 3/3
    39 | D:5      | Noticed a jelly
    57 | D:5      | Noticed a necrophage
   102 | D:4      | Found a staircase to the Ecumenical Temple.
   125 | D:4      | Reached skill level 2 in Unarmed Combat
   248 | D:4      | Reached XP level 2. HP: 6/25 MP: 4/4
   378 | D:4      | Noticed Menkaure
   758 | D:1      | Reached skill level 3 in Unarmed Combat
  1193 | D:2      | Reached XP level 3. HP: 4/30 MP: 5/5
  1404 | D:2      | Learned a level 2 spell: Blink
  1548 | D:2      | Reached skill level 4 in Unarmed Combat
  1642 | D:2      | Reached XP level 4. HP: 33/37 MP: 6/6
  2013 | D:3      | Noticed an ogre
  2169 | D:3      | Found a runed translucent door.
  2169 | D:3      | Noticed sirJeffrey23's ghost (amateur DsFi)
  2236 | D:3      | Killed an ogre
  2237 | D:3      | Reached skill level 5 in Unarmed Combat
  2237 | D:3      | Reached XP level 5. HP: 42/42 MP: 7/7
  2445 | D:3      | Noticed Sigmund
  2450 | D:3      | Killed Sigmund
  2451 | D:3      | Reached skill level 6 in Unarmed Combat
  2451 | D:3      | Reached XP level 6. HP: 42/50 MP: 8/8
  3608 | D:4      | Reached skill level 7 in Unarmed Combat
  3699 | D:4      | Noticed Duvessa
  3699 | D:4      | Noticed Dowan
  4075 | D:4      | Reached XP level 7. HP: 46/56 MP: 9/9
  4241 | D:4      | Learned a level 2 spell: Momentum Strike
  4883 | D:5      | Reached skill level 8 in Unarmed Combat
  4937 | D:5      | Found Woad Mot's Antique Armour Emporium.
  4969 | D:5      | Noticed a vampire
  5191 | D:5      | Reached skill level 9 in Unarmed Combat
  5363 | D:6      | Reached XP level 8. HP: 62/62 MP: 10/10
  5939 | D:6      | Reached skill level 10 in Unarmed Combat
  6220 | D:6      | Reached skill level 11 in Unarmed Combat
  6729 | D:7      | Noticed Maggie
  6756 | D:7      | Noticed Pikel
  6788 | D:7      | Killed Pikel
  6789 | D:7      | Reached skill level 12 in Unarmed Combat
  6789 | D:7      | Reached XP level 9. HP: 60/68 MP: 11/11
  7773 | D:7      | Reached skill level 13 in Unarmed Combat
  8302 | D:5      | Identified the +2 spear "Mud Pie of Death" {flame, Str+4
                  | Int+4}
  8651 | D:4      | Killed Menkaure
  8700 | D:4      | Killed Duvessa
  8716 | D:4      | Killed Dowan
  9130 | D:7      | Reached XP level 10. HP: 62/74 MP: 13/13
  9278 | D:8      | Noticed Joseph
  9298 | D:8      | Killed Joseph
  9299 | D:8      | Reached skill level 14 in Unarmed Combat
 10404 | D:8      | Noticed a cyclops
 10407 | D:8      | Noticed a deep elf pyromancer
 10415 | D:8      | Killed a deep elf pyromancer
 10415 | D:8      | Noticed a tengu warrior
 10416 | D:8      | Reached skill level 15 in Unarmed Combat
 10502 | D:8      | Noticed a cyclops
 11418 | D:8      | Killed a tengu warrior
 11491 | D:8      | Noticed a brown ugly thing
 11492 | D:8      | Noticed a cyclops
 11528 | D:7      | Killed a brown ugly thing
 11733 | D:8      | Killed a cyclops
 12080 | D:7      | Paralysed by a hornet for 1 turns
 12090 | D:7      | Reached XP level 11. HP: 11/81 MP: 14/14
 12345 | D:7      | Reached skill level 16 in Unarmed Combat
 12492 | D:9      | Found a transporter.
 12499 | D:9      | Noticed lotum's ghost (novice TeMo)
 12527 | D:9      | Found a transporter.
 13649 | D:10     | Entered Level 10 of the Dungeon
 13659 | D:10     | Found a staircase to the Orcish Mines.
 13734 | D:10     | Reached skill level 1 in Evocations
 14187 | D:10     | Noticed a two-headed ogre
 14360 | D:10     | Killed a two-headed ogre
 14361 | D:10     | Reached skill level 1 in Spellcasting
 14610 | D:10     | Found a staircase to the Lair.
 14782 | Lair:1   | Entered Level 1 of the Lair of Beasts
 15350 | D:11     | Noticed a two-headed ogre
 15361 | D:11     | Killed a two-headed ogre
 15428 | D:11     | Noticed Gastronok
 15794 | D:11     | Noticed a two-headed ogre
 16458 | D:11     | Killed Gastronok
 16459 | D:11     | Reached skill level 5 in Fighting
 16999 | D:11     | Noticed a two-headed ogre
 17008 | D:11     | Killed a two-headed ogre
 17095 | D:11     | HP: 3/86 [manticore (7)]
 17097 | D:11     | HP: 1/86 [manticore (2)]
 17099 | D:11     | Reached XP level 12. HP: 2/94 MP: 19/21
 17807 | Lair:1   | Reached skill level 17 in Unarmed Combat
 17807 | Lair:1   | Reached skill level 5 in Evocations
 18056 | Lair:1   | Found a transporter.
 18061 | Lair:1   | Noticed bande's ghost (journeyman GrFi)
 18071 | Lair:1   | Noticed a catoblepas
 18100 | Lair:1   | Found a transporter.
 19463 | Lair:2   | Reached skill level 18 in Unarmed Combat
 19987 | Lair:2   | Noticed a catoblepas
 20212 | Lair:2   | Killed a catoblepas
 21159 | Lair:3   | Found a hole to the Spider Nest.
 21201 | Lair:3   | Found a runed translucent door.
 21201 | Lair:3   | Noticed Darkkill's ghost (journeyman MiHu)
 21492 | Lair:3   | Found a staircase to the Swamp.
 22122 | Lair:3   | Reached skill level 19 in Unarmed Combat
 22206 | Lair:3   | Reached XP level 13. HP: 87/100 MP: 22/22
 23197 | Lair:4   | Found a runed translucent gate.
 23197 | Lair:4   | Found a runed translucent gate.
 23208 | Lair:4   | Noticed drugrobin's ghost (journeyman DgDe)
 23260 | Lair:4   | Found a runed translucent gate.
 23282 | Lair:4   | Learned a level 5 spell: Blade Hands
 23308 | Lair:4   | Found a staircase to the Slime Pits.
 23449 | Lair:3   | You fall into a shaft and drop 1 floor!
 23471 | Lair:4   | Reached skill level 1 in Transmutations
 23999 | Lair:4   | Killed drugrobin's ghost
 24212 | Lair:5   | Entered Level 5 of the Lair of Beasts
 25086 | Lair:5   | Noticed Sonja
 25098 | Lair:5   | Killed Sonja
 25554 | Lair:5   | Reached skill level 20 in Unarmed Combat
 27642 | Lair:5   | Reached XP level 14. HP: 68/111 MP: 24/24
 28094 | Lair:5   | Found the +2 hood of the Assassin {Detection Stab+ Stlth++}
 28113 | Lair:5   | Learned a level 1 spell: Summon Small Mammal
 28118 | Lair:5   | Identified the +8 rapier "Ewipar" {vamp, rPois rN+ rCorr
                  | Stlth+}
 28337 | Lair:5   | Reached skill level 5 in Transmutations
 28343 | Lair:5   | Learned a level 3 spell: Confusing Touch
 28585 | Lair:3   | Killed Darkkill's ghost
 28772 | Lair:1   | Identified the +1 pair of gloves of Kuvyxa {Str+5}
 28778 | Lair:1   | HP: 3/113 [catoblepas (20)]
 28779 | Lair:1   | Annihilated by a catoblepas

Illustrated notes

Levels and vault maps discovered:
D:1:      co_arrival_square_in_a_square_in_a_square, layout_rooms,
          chequers_ecumenical_altar_island
D:2:      layout_rooms, hangedman_decor_clover_reticule,
          chequers_serial_rivers_small_b, serial_bayou_pond_e, minmay_tripent
D:3:      minmay_recursive_quarters, layout_basic,
          hellmonk_ghost_happy_afterlife, interstate_on_off, hex_large,
          minmay_ogre_servants, uniq_sigmund
D:4:      layout_rooms, minmay_temple_entry_junction, st_stairs_14,
          hangedman_decor_diamond_cutter, kennysheep_minor_cross, uniq_menkaure,
          uniq_duvessa
D:5:      layout_layer_cave, lemuel_blue_sif_altar, serial_shops, shop
D:6:      layout_layer_cave, chei_slow_surprise
D:7:      layout_cave_pods, serial_gnoll_camp, gnoll_camp_mini_basic,
          gnoll_camp_mini_hut, gnoll_camp_mini_doghouse,
          gnoll_camp_mini_doghouse, gnoll_camp_mini_doghouse,
          gnoll_camp_mini_loothouse, uniq_pikel, uniq_maggie
D:8:      hangedman_cross_veins, layout_cave_pools,
          mainiacjoe_overflow_tiny_flanked, unseen_surprise_small, uniq_joseph
D:9:      layout_stronghold, elyvilon_altar_4, gammafunk_ghost_stat_death,
          blue_anna_alchemist
D:10:     layout_irregular_city, general_overflow_altar,
          lemuel_coloured_pillars_altar, lair_entry_dummy, orc_0_dummy,
          ebering_dispersal_statue_hall
D:11:     layout_loops_ring, uniq_gastronok
Lair:1:   minmay_lair_venomous_thicket, layout_chaotic_city,
          gammafunk_ghost_berserking_beasts, st_stairs_10, grunt_megastairs_2
Lair:2:   layout_chaotic_city, chequers_serial_rivers_marsh,
          chequers_serial_rivers_room_a
Lair:3:   layout_chaotic_city, minmay_swamp_entry_worms, spider_nest_entry_a,
          gammafunk_ghost_grave, kennysheep_catoblepas_arena, lemuel_fruit_tree,
          lemuel_fruit_fields
Lair:4:   layout_roguey, slime_entry_1, ebering_ghost_rock_garden
Lair:5:   grunt_lair_end_beastmaster, layout_small_grid,
          infiniplex_staircase_pool_2, grunt_megastairs_5, uniq_sonja

Skill      XL: |  1  2  3  4  5  6  7  8  9 10 11 12 13 14 |
---------------+-------------------------------------------+-----
Unarmed Combat | 2 3 4 5 6 7 9 12 13 15 16 19 20 | 20.6
Fighting       | 5 6 7 |  7.3
Evocations     | 4 5 |  5.0
Spellcasting   | 3 4 |  4.0
Transmutations | 4 5 |  5.1
Dodging        | |  1.7
Stealth        | |  4.5

Action                   |  1- 3 |  4- 6 |  7- 9 | 10-12 | 13-15 || total
-------------------------+-------+-------+-------+-------+-------++-------
Melee: Unarmed           |   170 |   157 |   322 |   789 |   528 ||  1966
       Punch             |     2 |     4 |    25 |    94 |    92 ||   217
       Dagger            |       |    30 |    45 |    49 |     5 ||   129
 Fire: Sling             |     8 |     9 |     4 |     4 |       ||    25
Throw: Dart              |       |    18 |    11 |    26 |    46 ||   101
       Boomerang         |       |       |    59 |    40 |    26 ||   125
       Throwing net      |       |       |     3 |     5 |       ||     8
       Javelin           |       |       |     1 |    30 |       ||    31
 Cast: Blink             |       |     1 |     1 |     6 |     2 ||    10
       Momentum Strike   |       |       |    11 |     8 |     1 ||    20
       Summon Small Mamm |       |       |       |       |     4 ||     4
Evoke: Wand              |       |    12 |     1 |     6 |    15 ||    34
  Use: Potion            |     1 |     3 |       |     4 |     2 ||    10
       Scroll            |       |     1 |       |    11 |     4 ||    16
 Stab: Sleeping          |     7 |     1 |     4 |     2 |       ||    14
       Distracted        |       |       |       |     1 |     1 ||     2
       Held in net/web   |       |       |       |     4 |       ||     4
Armor: Leather armour    |    31 |       |       |       |       ||    31
       Robe              |     8 |    33 |       |       |       ||    41
       Ring mail         |       |       |   145 |   224 |   109 ||   478
Dodge: Dodged            |   113 |    91 |   222 |   366 |   228 ||  1020

Table legend: (Time is in decaauts)
 A = Elapsed time spent in this place.
 B = Non-inter-level travel time spent in this place.
 C = Inter-level travel time spent in this place.
 D = Time resting spent in this place.
 E = Time spent auto-exploring this place.
 F = Levels seen in this place.
 G = Mean time per level.
                   A        B        C        D        E       F      G
               +--------+--------+--------+--------+--------+-----+--------+
         Total |  28367 |  26739 |   1628 |   7171 |  12728 |  16 | 1772.9 |
       Dungeon |  17163 |  16000 |   1163 |   3768 |   8089 |  11 | 1560.3 |
          Lair |  11204 |  10739 |    465 |   3403 |   4639 |   5 | 2240.8 |
               +--------+--------+--------+--------+--------+-----+--------+

Top non-repeatable levels by time:
  Lair:5: 3412 daAuts
     D:7: 3397 daAuts
  Lair:4: 2388 daAuts
  Lair:3: 2227 daAuts
  Lair:1: 2061 daAuts
    D:11: 2027 daAuts
     D:4: 1881 daAuts
    D:10: 1573 daAuts
     D:8: 1567 daAuts
     D:3: 1374 daAuts
     D:2: 1316 daAuts
     D:6: 1311 daAuts
     D:9: 1158 daAuts
  Lair:2: 1114 daAuts
     D:5: 940 daAuts
